 Dungeon Crawl Stone Soup version 0.25-a0-804-g50c693f418 (webtiles) character file.

Game seed: 4346247935935917065, levelgen mode: deterministic

5 Esekla the Stinger (level 1, -5/11 HPs)
             Began as a Tengu Venom Mage on Apr 19, 2020.
             Slain by a gnoll
             ... wielding a +0 flail
              (11 damage)
             ... on level 1 of the Dungeon.
             The game lasted 00:03:58 (218 turns).

Esekla the Stinger (Tengu Venom Mage)                Turns: 218, Time: 00:03:59

Health: -5/11      AC:  2    Str:  8    XL:     1   Next: 80%
Magic:  4/4        EV: 13    Int: 15    God:
Gold:   9          SH:  0    Dex: 14    Spells: 3/4 levels left

rFire    . . .     SeeInvis .   e - +0 club
rCold    . . .     Gourm    .   (no shield)
rNeg     . . .     Faith    .   a - +0 robe
rPois    .         Spirit   .   (helmet restricted)
rElec    .         Reflect  .   (no cloak)
rCorr    .         Harm     .   (no gloves)
MR       .....                  (boots unavailable)
Stlth    ++........             (no amulet)
HPRegen  0.03/turn              (no ring)
MPRegen  0.09/turn              (no ring)

@: no status effects
A: beak, talons 3
a: no special abilities


You were on level 1 of the Dungeon.
You were not hungry.

You visited 1 branch of the dungeon, and saw 1 of its levels.

You collected 9 gold pieces.

Inventory:

Hand Weapons
 e - a +0 club (weapon)
Armour
 a - a +0 robe (worn)
Comestibles
 c - 2 rations


   Skills:
 * Level 0.6 Fighting
 + Level 2.3 Dodging
 - Level 2.0 Stealth
 + Level 2.1 Spellcasting
 - Level 0.7 Transmutations
 - Level 3.0 Poison Magic


You had 3 spell levels left.
You knew the following spells:

 Your Spells              Type           Power        Failure   Level  Hunger
a - Sting                 Tmut/Pois      #...         11%         1    #......

Your spell library contained the following spells:

 Spells                   Type           Power        Failure   Level  Hunger
 Poisonous Vapours        Pois/Air       #.....       19%         2    ###....
 Ignite Poison            Fire/Tmut/Pois #.......     36%         3    ###....
 Mephitic Cloud           Conj/Pois/Air  #.......     41%         3    ###....
 Olgreb's Toxic Radiance  Pois           ##......     54%         4    #####..


Dungeon Overview and Level Annotations

Branches:
Dungeon (1/15)

Altars:


Innate Abilities, Weirdness & Mutations

You have a beak for a mouth.
You have claws for feet.


Message History

The bat hits you but does no damage.
You hit the bat but do no damage. You claw the bat. Your peck misses the bat.
The bat is moderately wounded.
The bat barely misses you. The bat hits you.
You miss the bat. You peck the bat, but do no damage.
The bat is moderately wounded.
The bat hits you but does no damage.
A gnoll comes into view. It is wielding a +0 flail.
The gnoll shouts!
You hear a shout!
The bat hits you but does no damage.
A rat comes into view.
A bat comes into view.
The bat barely misses you.
The bat moves out of view.
A goblin comes into view. It is wielding a +0 dagger.
The bat hits you. The bat hits you but does no damage.
The bat closely misses you. The bat hits you but does no damage.
The gnoll hits you with a +0 flail!
Ouch! That really hurt!
You die...

###..#.###
.........#
.........#
...r.....#
...g.....# .#
.....b...# .#
.........# .#####
.......@g# .$...#
########b# .....#
#.# .....# ##.#
.....## ####l.#
......### #....##
#####r..#####.####
# ###..K....# #
#......l..#


You could see a gnoll, a goblin, 2 bats and a rat (wandering).

Vanquished Creatures
  2 kobolds (D:1)
  2 bats (D:1)
  A frilled lizard (D:1)
  A rat (D:1)
6 creatures vanquished.

Notes
Turn   | Place    | Note
-------+----------+-------------------------------------------
     0 | D:1      | Esekla the Tengu Venom Mage began the quest for the Orb.
     0 | D:1      | Reached XP level 1. HP: 10/10 MP: 4/4
   218 | D:1      | Slain by a gnoll

Levels and vault maps discovered:
D:1:      sevenhm_arrival_forest_fort_large_1, layout_rooms, st_stairs_11

Action                   || total
-------------------------++-------
Melee: Club              ||     9
       Kick              ||     5
       Unarmed           ||     2
       Peck              ||     1
 Cast: Sting             ||     4
  Use: Scroll            ||     2
Armor: Robe              ||    13
Dodge: Dodged            ||    17

Table legend:
 A = Non-vault XP
 B = Vault XP
 C = Vault XP percentage of total XP
 D = Non-vault monster count
 E = Vault monster count
 F = Vault count percentage of total count
                 A         B        C        D         E       F
            +---------+---------+-------+---------+---------+-------
      Total |       6 |       2 |  25.0 |       4 |       2 |  33.3
            +---------+---------+-------+---------+---------+-------
        D:1 |       6 |       2 |  25.0 |       4 |       2 |  33.3
            +---------+---------+-------+---------+---------+-------
